 Dungeon Crawl Stone Soup version 0.19.5 (webtiles) character file.

216 JeffiDaFish the Firebug (level 5, -1/40 HPs)
             Began as a Draconian Fire Elementalist on May 3, 2017.
             Killed from afar by Sigmund (4 damage)
             ... with a magic dart
             ... on level 4 of the Dungeon.
             The game lasted 00:10:52 (2601 turns).

JeffiDaFish the Firebug (DrFE)                      Turns: 2601, Time: 00:10:52

Health: -1/40      AC:  5    Str: 10    XL:     5   Next: 61%
Magic:  2/9        EV: 12    Int: 15    God:
Gold:   201        SH:  0    Dex: 13    Spells: 3 memorised, 4 levels left

rFire  + . .     SeeInvis .     o - +0 halberd
rCold  . . .     Gourm    .     (armour unavailable)
rNeg   . . .     Faith    .     (shield currently unavailable)
rPois  .         Spirit   .     (helmet restricted)
rElec  .         Reflect  .     (no cloak)
rCorr  .         Harm     .     (no gloves)
MR     .....                    (no boots)
Stlth  +.........               (no amulet)
                                d - ring of flight
                                e - ring of protection from fire

@: confused, very slightly contaminated, invisible (expiring)
A: unfitting armour, cold-blooded, AC +5
a: Evoke Flight


You were on level 4 of the Dungeon.
You were not hungry.

You visited 1 branch of the dungeon, and saw 4 of its levels.

You collected 201 gold pieces.

Inventory:

Hand Weapons
 o - a +0 halberd (weapon)
Jewellery
 d - a ring of flight (right hand)
 e - a ring of protection from fire (left hand)
 l - an uncursed ring of stealth
Scrolls
 f - 5 scrolls of identify
 h - a scroll of remove curse
Books
 a - a book of Flames

   Spells                             Type                      Level
   a - Flame Tongue                   Conjuration/Fire             1
   b - Throw Flame                    Conjuration/Fire             2
   c - Conjure Flame                  Conjuration/Fire             3
   d - Inner Flame                    Hexes/Fire                   3
   e - Sticky Flame                   Conjuration/Fire             4
   f - Fireball                       Conjuration/Fire             5
Comestibles
 b - a bread ration
 c - 3 chunks of flesh
 g - 2 beef jerkies
 j - a royal jelly
 k - 2 meat rations


   Skills:
 + Level 1.2 Fighting
 + Level 1.9 Polearms
 + Level 2.2 Dodging
 + Level 2.2 Stealth
 - Level 0.2 Unarmed Combat
 * Level 3.0 Spellcasting
 * Level 2.6 Conjurations
 * Level 3.9 Fire Magic


You had 4 spell levels left.
You knew the following spells:

 Your Spells              Type           Power        Failure   Level  Hunger
a - Flame Tongue          Conj/Fire      ##...        6%          1    #......
b - Throw Flame           Conj/Fire      ##....       10%         2    ##.....
c - Conjure Flame         Conj/Fire      ##......     17%         3    ###....


Dungeon Overview and Level Annotations

Branches:
Dungeon (4/15)
 Temple: D:4-7

Altars:
Zin

Annotations:
D:3 1 runed door
D:4 Sigmund


Innate Abilities, Weirdness & Mutations

Your plain brown scales are hard. (AC +5)
You cannot fit into any form of body armour.
You are cold-blooded and may be slowed by cold attacks.


Message History

There is a stone staircase leading up here.
Casting: Flame Tongue
Confirm with . or Enter, or press ? or * to list all spells.
You don't have enough magic to cast that spell.
You are too injured to fight recklessly!
Sigmund points at something and mumbles some strange words.
You are confused.
You're too confused to cast spells.
You're too confused!
You are too injured to fight recklessly!
Sigmund casts a spell at something.
You resist with some effort.
You're too confused to cast spells.
You're too confused!
There is a stone staircase leading up here.
You flicker for a moment.
Sigmund misses you. Sigmund gestures at you while chanting.
The magic dart hits you!
You die...

### #.# #. #)# #
#.# ##.# .#
#..######..####.#
#..).......#...#
. .........@....#
.# ##..........##
..## ##...@##..##
... ##..###..#
#.. ##.## #..#
#..## ##.## #..#
##...# ##.## #..#
#...%####.## #.(#
..###..#.## #..#


You could see Sigmund.

Vanquished Creatures
  A howler monkey (D:4)
  2 orc wizards (D:4)
  2 gnolls (D:3)
  3 adders (D:3)
  A dart slug (D:3)
  4 leopard geckos
  9 orcs
  3 giant cockroaches
  5 goblins
  8 hobgoblins
  3 jackals (D:1)
  2 kobolds
  5 quokkas (D:3)
  11 bats
  A frilled lizard (D:1)
  6 rats
66 creatures vanquished.

Vanquished Creatures (others)
  A plant (D:3)
1 creature vanquished.

Grand Total: 67 creatures vanquished

Notes
Turn   | Place    | Note
-------+----------+-------------------------------------------
     0 | D:1      | JeffiDaFish the Draconian Fire Elementalist began the quest for the Orb.
     0 | D:1      | Reached XP level 1. HP: 14/14 MP: 3/3
   412 | D:1      | Reached XP level 2. HP: 20/20 MP: 3/5
   447 | D:1      | Gained mutation: You are resistant to hostile enchantments. (MR+) [potion of mutation]
   447 | D:1      | Gained mutation: Your spells are a little harder to cast, but a little more powerful. [potion of mutation]
   447 | D:1      | Lost mutation: Your spells are a little harder to cast, but a little more powerful. [potion of mutation]
   583 | D:1      | Learned a level 2 spell: Throw Flame
   696 | D:1      | Reached XP level 3. HP: 26/26 MP: 6/6
  1131 | D:2      | Reached skill level 1 in Polearms
  1152 | D:2      | Learned a level 3 spell: Conjure Flame
  1612 | D:3      | Found a glowing silver altar of Zin.
  1612 | D:3      | Noticed an angel
  1613 | D:3      | Found a runed door.
  1798 | D:3      | Reached XP level 4. HP: 31/34 MP: 2/7
  1864 | D:3      | Lost mutation: You are resistant to hostile enchantments. (MR+) [potion of cure mutation]
  2444 | D:4      | Noticed Sigmund
  2453 | D:4      | Reached skill level 1 in Fighting
  2453 | D:4      | Reached XP level 5. HP: 39/40 MP: 5/9
  2590 | D:4      | HP: 2/40 [something/magic dart (2)]
  2601 | D:4      | Killed from afar by Sigmund

Skill      XL: |  1  2  3  4  5 |
---------------+----------------+-----
Stealth        | 2 |  2.2
Dodging        | 2 |  2.2
Polearms       | 1 |  1.9
Fighting       | 1 |  1.2
Conjurations   | 2 |  2.6
Spellcasting   | 3 |  3.0
Unarmed Combat | |  0.2
Fire Magic     | |  3.9

Action                   |  1- 3 |  4- 6 || total
-------------------------+-------+-------++-------
Melee: Spear             |   120 |     2 ||   122
       Unarmed           |    10 |       ||    10
       Tailslap          |     8 |     5 ||    13
       Halberd           |       |    53 ||    53
 Cast: Flame Tongue      |    25 |    32 ||    57
       Throw Flame       |       |     3 ||     3
       Conjure Flame     |       |     1 ||     1
  Use: Scroll            |     8 |     2 ||    10
       Potion            |     5 |     4 ||     9
 Stab: Sleeping          |     8 |     3 ||    11
  Eat: Chunk             |     4 |     3 ||     7
Armor: Skin              |    38 |    10 ||    48
Dodge: Dodged            |    83 |    43 ||   126
